 Dungeon Crawl Stone Soup version 0.31-a0-219-g8d62b2e7bb (webtiles) character file.

Game seed: 17588728658942461550

68 qw the Shooter (level 4, -2/36 HPs)
             Began as a Minotaur Hexslinger on July 3, 2023.
             Slain by a gnoll
             ... wielding a +0 whip
              (7 damage)
             ... on level 3 of the Dungeon.
             The game lasted 00:00:33 (1693 turns).

qw the Shooter (Minotaur Hexslinger)                Turns: 1693, Time: 00:00:34

Health: -2/36      AC:  2    Str: 12    XL:     4   Next: 1%
Magic:  4/4        EV: 12    Int: 10    God:
Gold:   149        SH:  0    Dex: 15    Spells: 4/5 levels left

rFire   . . .        Y - +2 sling
rCold   . . .        (no shield)
rNeg    . . .        c - +0 robe
rPois   .            (helmet restricted)
rElec   .            (no cloak)
rCorr   .            (no gloves)
SInv    .            (no boots)
Will    .....        (no amulet)
Stlth   +            (no ring)
HPRegen 0.26/turn    (no ring)
MPRegen 0.09/turn

%: no passive effects
@: no status effects
A: horns 2, retaliatory headbutt
a: no special abilities


You were on level 3 of the Dungeon.
You visited 1 branch of the dungeon, and saw 3 of its levels.

You collected 149 gold pieces.


Innate Abilities, Weirdness & Mutations

You have a pair of horns on your head.
You reflexively headbutt those who attack you in melee.


   Skills:
 - Level 2.1 Fighting
 + Level 4.4 Ranged Weapons
 - Level 2.1 Dodging
 - Level 1.0 Spellcasting
 - Level 2.0 Hexes


You had 4 spell levels left.
You knew the following spells:

 Your Spells              Type           Power      Damage    Failure   Level
a - Slow                  Hex            16%        N/A       16%         1

Your spell library contained the following spells:

 Spells                   Type           Power      Damage    Failure   Level
 Inner Flame              Hex/Fire       2%         N/A       56%         3
 Portal Projectile        Hex/Tloc       4%         N/A       56%         3
 Cause Fear               Hex            2%         N/A       83%         4

Inventory:

Hand Weapons
 Y - a +2 sling (weapon)
Armour
 c - a +0 robe (worn)
Scrolls
 h - a scroll of identify
Potions
 e - a potion of berserk rage {unknown}
 g - 2 potions of curing
 j - a potion of lignification {unknown}
 k - a potion of haste
 l - a potion of heal wounds {unknown}

Dungeon Overview and Level Annotations

Branches:
Dungeon (3/15)

Altars:

Annotations:
D:2 1 runed translucent door, Crazy Yiuf


Message History

You shoot a sling bullet.
The sling bullet completely misses the gnoll.
You feel yourself slow down.
You shoot a sling bullet. The sling bullet hits the gnoll.
The gnoll is almost dead.
The gnoll barely misses you. x2
You shoot a sling bullet.
The sling bullet closely misses the gnoll.
The gnoll closely misses you. The gnoll barely misses you.
You shoot a sling bullet. The sling bullet hits the gnoll.
The gnoll is heavily wounded.
The gnoll hits you with a +0 whip. The gnoll barely misses you.
You furiously retaliate!
You headbutt the gnoll. You shoot a sling bullet.
The sling bullet hits the gnoll.
You kill the gnoll!
The gnoll hits you with a +0 whip. The gnoll misses you.
You shoot a sling bullet.
The sling bullet barely misses the gnoll.
The gnoll barely misses you. The gnoll closely misses you.
The gnoll barely misses you.
You shoot a sling bullet. The sling bullet hits the gnoll!
You kill the gnoll!
The gnoll misses you.
The gnoll hits you from afar with a +0 spear.
The gnoll barely misses you. x2
You have reached level 4!
You feel agile.
You shoot a sling bullet.
The sling bullet closely misses the gnoll.
The gnoll hits you with a +0 whip. The gnoll misses you.
You shoot a sling bullet. The sling bullet hits the gnoll.
The gnoll is heavily wounded.
The gnoll barely misses you. The gnoll completely misses you.
You shoot a sling bullet. The sling bullet hits the gnoll.
The gnoll is heavily wounded.
The gnoll hits you with a +0 whip.
The gnoll hits you from afar with a +0 spear.
You shoot a sling bullet.
The sling bullet barely misses the gnoll.
The gnoll hits you with a +0 whip!
You die...

# . ## # .#
#..##. .#
......###.#
.....g)g..#####
#@....?..
#.#.##### #.# #
#<# #.# #.# ...
#.# #.#


You could see 2 gnolls.

Vanquished Creatures
  2 gnolls (D:3)
  An adder (D:2)
  A worm (D:2)
  A dart slug (D:1)
  4 endoplasms (D:1)
  2 giant cockroaches (D:2)
  3 goblins
  2 hobgoblins (D:2)
  2 jackals (D:1)
  2 kobolds
  3 quokkas
  2 ball pythons
  A bat (D:2)
  8 frilled lizards (D:2)
  4 rats
38 creatures vanquished.

Notes
Turn   | Place    | Note
-------+----------+-------------------------------------------
     0 | D:1      | qw the Minotaur Hexslinger began the quest for the Orb.
     0 | D:1      | Reached XP level 1. HP: 16/16 MP: 1/1
     0 | D:1      | 0 ||| qw: Version: 0.3-a-40-ge99b1a8
     0 | D:1      | 0 ||| qw: Game counter: 431
     0 | D:1      | 0 ||| qw: Melee chars always use a shield: true
     0 | D:1      | 0 ||| qw: God list: Okawaru
     0 | D:1      | 0 ||| qw: Allow faded altars: false
     0 | D:1      | 0 ||| qw: Do Orc after clearing Dungeon:15 true
     0 | D:1      | 0 ||| qw: Do second Lair branch before Depths: true
     0 | D:1      | 0 ||| qw: Lair rune preference: random
     0 | D:1      | 0 ||| qw: Goals: Normal
     0 | D:1      | 0 ||| PLANNING D:1-11
   139 | D:1      | Reached skill level 3 in Ranged Weapons
   162 | D:1      | Reached XP level 2. HP: 23/23 MP: 2/2
   466 | D:1      | Found a faded altar of an unknown god.
   475 | D:1      | 475 ||| READING scroll labelled WULISK TISTRO.
   476 | D:1      | 476 ||| READING scroll labelled JIAS FYVAIFIAZ.
   477 | D:1      | 477 ||| READING 2 scrolls labelled ZAPUUS TUNYCOI.
   478 | D:1      | 478 ||| DROPPING scroll of poison.
   651 | D:2      | Reached XP level 3. HP: 22/29 MP: 3/3
   722 | D:2      | Found a runed translucent door.
   723 | D:2      | Noticed Crazy Yiuf
  1184 | D:2      | Reached skill level 4 in Ranged Weapons
  1449 | D:2      | 1449 ||| READING scroll labelled VUMMUA CIONUDD.
  1450 | D:2      | 1450 ||| READING scroll labelled SIDABU ESTEVE.
  1540 | D:2      | 1540 ||| READING scroll labelled ORIENA KEXTANI.
  1541 | D:2      | 1541 ||| READING scroll labelled COROOTHRAL HUK.
  1542 | D:2      | 1542 ||| READING scroll labelled NAHIGE LICIMPE.
  1643 | D:2      | 1643 ||| DRINKING 3 fuming grey potions.
  1644 | D:2      | 1644 ||| DRINKING 2 lumpy green potions.
  1690 | D:3      | Reached XP level 4. HP: 18/36 MP: 4/4
  1692 | D:3      | HP: 4/36 [gnoll/+0 spear (6)]
  1693 | D:3      | Slain by a gnoll

Levels and vault maps discovered:
D:1:      onia_arrival_pyramid, layout_rooms, nicolae_ecumenical_lake_church
D:2:      layout_loops_corners, minmay_lizard_pond, uniq_crazy_yiuf_cottage
D:3:      layout_loops_ring, lightli_temple_of_fire

Skill      XL: |  1  2  3 |
---------------+----------+-----
Ranged Weapons | 3 4 |  4.4
Fighting       | 2 |  2.1
Dodging        | |  2.1
Spellcasting   | |  1.0
Hexes          | |  2.0

Action                     |  1- 3 |  4- 6 || total
---------------------------+-------+-------++-------
   Fire: Sling             |    95 |     4 ||    99
    Use: Scroll            |     8 |       ||     8
         Potion            |     2 |       ||     2
 Armour: Robe              |     3 |       ||     3
  Dodge: Dodged            |    28 |     3 ||    31

Table legend:
 A = Non-vault XP
 B = Vault XP
 C = Vault XP percentage of total XP
 D = Non-vault monster count
 E = Vault monster count
 F = Vault count percentage of total count
                 A         B        C        D         E       F
            +---------+---------+-------+---------+---------+-------
      Total |      91 |       7 |   7.1 |      31 |       7 |  18.4
            +---------+---------+-------+---------+---------+-------
        D:1 |      26 |       0 |   0.0 |      14 |       0 |   0.0
        D:2 |      37 |       7 |  15.9 |      15 |       7 |  31.8
        D:3 |      28 |       0 |   0.0 |       2 |       0 |   0.0
            +---------+---------+-------+---------+---------+-------
